 Dungeon Crawl Stone Soup version 0.26-a0-658-gbdda728c12 (webtiles) character file.

Game seed: 14856114595076875652

64212 heikuro the Spear-Bearer (level 15, -12/120 HPs)
             Began as a Formicid Abyssal Knight on Oct 4, 2020.
             Was a High Priest of Lugonu.
             Mangled by a death yak (18 damage)
             ... on level 5 of the Lair of Beasts on Oct 5, 2020.
             The game lasted 01:07:57 (35429 turns).

heikuro the Spear-Bearer (Formicid Abyssal Knight) Turns: 35429, Time: 01:07:58

Health: -12/120    AC: 24    Str: 23    XL:     15   Next: 53%
Magic:  24/24      EV: 10    Int: 18    God:    Lugonu [*****.]
Gold:   1435       SH: 12    Dex:  8    Spells: 14/14 levels left

rFire    . . .     SeeInvis +   a - +0 bardiche
rCold    . . .     Faith    .   Q - +1 kite shield
rNeg     . . .     Spirit   .   M - +4 scale mail of the Albatross {rPois Int+6 Dex-2}
rPois    +         Reflect  .   (helmet unavailable)
rElec    .         Harm     .   w - +2 cloak
rCorr    .         Rampage  .   R - +1 pair of gloves
MR       +....                  c - +0 pair of boots
Stlth    ..........             H - amulet of the acrobat
HPRegen  0.30/turn              g - +4 ring of protection
MPRegen  0.19/turn              X - ring of teleportation (curse)

@: no status effects
A: permanent stasis, dig shafts and tunnels, four strong arms, antennae 3
a: Dig, Shaft Self, Depart the Abyss, Bend Space, Banish, Corrupt, Enter the
Abyss, Renounce Religion


You were on level 5 of the Lair of Beasts.
You worshipped Lugonu.
Lugonu was extremely pleased with you.
You visited 2 branches of the dungeon, and saw 21 of its levels.
You visited the Abyss 2 times.

You collected 1435 gold pieces.

Inventory:

Hand Weapons
 a - a +0 bardiche (weapon)
 b - a +0 fustibalus
Missiles
 s - 110 sling bullets
 F - 16 poisoned darts (quivered)
 K - 4 curare-tipped darts
Armour
 c - a +0 pair of boots (worn)
 w - a +2 cloak (worn)
 M - the +4 scale mail of the Albatross (worn) {rPois Int+6 Dex-2}
   (You found it on level 12 of the Dungeon)

   It affects your intelligence (+6).
   It affects your dexterity (-2).
   It protects you from poison.
 Q - a +1 kite shield (worn)
 R - a +1 pair of gloves (worn)
 V - a +1 scale mail of magic resistance
 Y - a +4 ring mail of cold resistance
Magical Staves
 N - an uncursed staff of air
Jewellery
 e - a +4 ring of evasion
 g - a +4 ring of protection (left hand)
 n - an uncursed ring of resist corrosion
 t - an uncursed ring of poison resistance
 H - an amulet of the acrobat (around neck)
 I - an uncursed ring of magical power
 X - a cursed ring of teleportation (right hand)
Wands
 A - a wand of flame (5)
 G - a wand of digging (8)
 O - a wand of polymorph (22)
 P - a wand of iceblast (4)
 S - a wand of paralysis (9)
 U - a wand of enslavement (7)
 W - a wand of disintegration (11)
Scrolls
 f - 2 scrolls of magic mapping
 h - 6 scrolls of enchant weapon
 k - 7 scrolls of amnesia
 o - a scroll of immolation
 r - a scroll of vulnerability {unknown}
 v - a scroll of acquirement {unknown}
 y - 6 scrolls of remove curse
 C - a scroll of blinking {unknown}
 J - 3 scrolls of fog
 L - a scroll of enchant armour
 T - a scroll of random uselessness {unknown}
Potions
 d - 5 potions of curing
 j - 4 potions of brilliance
 l - 5 potions of magic
 m - 5 potions of heal wounds
 p - 5 potions of might
 q - 4 potions of flight
 u - 2 potions of stabbing
 x - 7 potions of lignification
 z - 2 potions of ambrosia
 B - a potion of berserk rage {unknown}
 E - 3 potions of mutation {unknown}
Miscellaneous
 D - a phantom mirror


   Skills:
 + Level 11.7 Fighting
 * Level 14.5 Polearms
 + Level 11.1 Slings
 + Level 11.6 Armour
 - Level 1.0 Dodging
 - Level 9.0 Shields
 + Level 12.4 Invocations


You had 14 spell levels left.
You didn't know any spells.
Your spell library contained the following spells:

 Spells                   Type           Power        Failure   Level
 Apportation              Tloc           #.....       41%         1
 Beastly Appendage        Tmut           #.....       41%         1
 Freeze                   Ice            #...         41%         1
 Pain                     Necr           #...         41%         1
 Sandblast                Erth           #.....       41%         1
 Shock                    Conj/Air       #...         41%         1
 Passwall                 Tmut/Erth      #.......     56%         2
 Poisonous Vapours        Pois/Air       #.....       56%         2
 Wereblood                Tmut           #.......     56%         2
 Conjure Flame            Conj/Fire      #.......     80%         3
 Mephitic Cloud           Conj/Pois/Air  #.......     80%         3
 Spider Form              Tmut/Pois      #.........   80%         3
 Stone Arrow              Conj/Erth      #.....       80%         3
 Ice Form                 Ice/Tmut       #.......     99%         4
 Petrify                  Tmut/Erth      #.......     99%         4
 Blade Hands              Tmut           #.........   100%        5
 Irradiate                Conj/Tmut      #.........   100%        5
 Lee's Rapid Deconstruct  Erth           #.........   100%        5
 Freezing Cloud           Conj/Ice/Air   #.........   100%        6
 Hydra Form               Tmut           #.........   100%        6
 Statue Form              Tmut/Erth      #........    100%        6
 Dragon Form              Tmut           #.........   100%        7


Dungeon Overview and Level Annotations

Branches:
Dungeon (15/15)            Temple (0/1) D:5            Lair (6/6) D:11
 Shoals (0/4) Lair:4       Spider (0/4) Lair:2        Slime (0/5) Lair:6
    Orc (0/2) D:9          Depths (0/5) D:15
 Vaults: D:13-14

Altars:
Ashenzari
Cheibriados
Dithmenos
Elyvilon
Fedhas
Gozag
Hepliaklqana
Kikubaaqudgha
Nemelex Xobeh
Trog
Wu Jian
Jiyva

Shops:
D:6 [(**   D:7 *   D:11 (   D:12 (   D:14 }

Annotations:
D:7 exclusion: ice statue
Lair:3 1 runed translucent door
Lair:6 4 runed translucent doors, exclusion: 3 doors, felt's ghost, journeyman TrMo; robertstho's ghost, journeyman GnIE


Innate Abilities, Weirdness & Mutations

You cannot be hasted, slowed, berserked, paralysed or teleported.
You can dig through walls and to a lower floor.
Your four strong arms can wield two-handed weapons with a shield.
You have a pair of large antennae on your head. (SInv)


Message History

The death yak gores you but does no damage.
There is a stone staircase leading up here.
The death yak closely misses you.
You climb upwards.
There is a stone staircase leading down here.
You slice the death yak!!
The death yak is moderately wounded.
The death yak gores you.
You hit the death yak.
The death yak is heavily wounded.
The death yak closely misses you. The death yak gores you!
* * * LOW HITPOINT WARNING * * *
You barely miss the death yak.
The death yak is heavily wounded.
The death yak gores you!!
* * * LOW HITPOINT WARNING * * *
You barely miss the death yak.
The death yak is heavily wounded.
The death yak gores you!!
You die...

...# #......P.....#.##.....#.....
P..###...........#..#....####....
.....P.........PPPPPPP..##..##.[.
P##...P...........PPPP..#....#..[
.##............PP..P.P..#.#......
##.............PPPP.PP..#.#......
.#..............PPPP.P....####...
.................PPP.P....####...
.....P..........@.PP.P..#...#....
...#.#..(.......Y......P#........
....#.#.................##P.##...
PPPPPPPP...............###...#...
...................##...#.#####.#
PPPPPPPP.......P.#P###.....###...
.#.##......##########.......#....
#####....### ####P........
##.......# ###......#


You could see a death yak.

Vanquished Creatures
  Rupert (Lair:4)
  An ironheart preserver (D:13)
  Snorg (Lair:4)
  6 hydras
  A rakshasa (D:15)
  A boulder beetle (D:11)
  3 centaur warriors
  2 two-headed ogres
  10 death yaks
  Urug (Lair:4)
  An unseen horror (D:10)
  A wolf spider zombie (D:13)
  A deep elf mage (D:12)
  A salamander (D:15)
  3 manticores
  4 cyclopes
  Maurice (D:12)
  4 elephants (Lair:6)
  7 black mambas
  12 cane toads
  A gargoyle (D:13)
  3 rime drakes (Lair:6)
  An efreet (D:13)
  11 komodo dragons
  4 trolls
  3 polar bears
  9 blink frogs
  7 slime creatures
  3 shadows
  A spriggan (D:9)
  6 wyverns
  46 yaks
  7 basilisks
  7 vampire mosquitoes (D:13)
  A soldier ant (D:15)
  3 wargs
  2 acid dragons
  The ghost of tacoguy the Conjurer, an amateur DECj (D:3)
  16 water moccasins
  A floating eye (shapeshifter) (D:15)
  5 black bears
  3 ice beasts
  3 sky beasts
  3 orc warriors
  An eye of draining (D:8)
  3 phantoms
  3 ogres
  16 centaurs
  11 wolves
  4 big kobolds
  Blork the orc (D:6)
  22 bullfrogs
  A water moccasin zombie (D:7)
  7 scorpions
  9 wights
  5 killer bees (D:11)
  6 electric eels
  5 centaur zombies
  7 quasits
  2 bullfrog zombies (D:11)
  5 jellies
  7 hounds
  6 orc priests
  Crazy Yiuf (D:4)
  An iron imp (D:7)
  13 orc wizards
  4 bullfrog skeletons
  3 centaur skeletons
  4 iguanas
  Ijyb (D:3)
  5 hell rats (Lair:6)
  9 worker ants
  A hound zombie (D:11)
  Robin (D:2)
  A howler monkey skeleton (D:6)
  4 gnolls
  11 adders
  2 shadow imps
  2 white imps
  3 ufetubi
  2 oozes
  5 worms
  4 dart slugs
  11 leopard geckos
  53 orcs
  9 bats
  5 giant cockroaches
  16 goblins
  7 hobgoblins
  17 jackals
  22 kobolds
  4 quokkas
  A ball python (D:5)
  A frilled lizard (D:3)
  2 giant cockroach zombies
  A jackal zombie (D:8)
  A quokka skeleton (D:5)
  12 rats
569 creatures vanquished.

Vanquished Creatures (others)
  36 fungi
  51 plants
87 creatures vanquished.

Grand Total: 656 creatures vanquished

Notes
Turn   | Place    | Note
-------+----------+-------------------------------------------
     0 | Abyss:1  | heikuro the Formicid Abyssal Knight began the quest for the
                  | Orb.
     0 | Abyss:1  | Reached XP level 1. HP: 18/18 MP: 2/2
    54 | Abyss:1  | Noticed a large abomination
    55 | D:1      | Escaped the Abyss
   220 | D:1      | Reached skill level 1 in Dodging
   235 | D:1      | Reached XP level 2. HP: 24/24 MP: 3/3
   348 | D:1      | Reached XP level 3. HP: 27/29 MP: 4/4
   518 | D:1      | Reached * piety under Lugonu
  1315 | D:3      | Reached skill level 3 in Polearms
  1315 | D:3      | Reached XP level 4. HP: 26/37 MP: 6/6
  1614 | D:3      | Reached ** piety under Lugonu
  1635 | D:3      | Found a transporter.
  1671 | D:3      | Noticed tacoguy's ghost (amateur DECj)
  1802 | D:3      | Noticed Robin
  1879 | D:2      | Killed Robin
  1879 | D:2      | Reached XP level 5. HP: 29/42 MP: 7/7
  2110 | D:3      | Found a broken altar of Ashenzari.
  2176 | D:3      | Noticed Ijyb
  2223 | D:3      | Killed Ijyb
  2667 | D:3      | Found a transporter.
  2860 | D:4      | Reached skill level 1 in Slings
  2860 | D:4      | Reached XP level 6. HP: 14/48 MP: 8/8
  3156 | D:4      | Reached skill level 4 in Polearms
  3278 | D:4      | Found a white marble altar of Elyvilon.
  3993 | D:4      | Found a runed translucent door.
  3994 | D:4      | Noticed Crazy Yiuf
  4005 | D:4      | Killed Crazy Yiuf
  4340 | D:5      | Entered Level 5 of the Dungeon
  4358 | D:5      | Reached XP level 7. HP: 49/55 MP: 9/9
  4540 | D:4      | Reached *** piety under Lugonu
  4939 | D:5      | Reached skill level 5 in Polearms
  5091 | D:5      | Reached skill level 5 in Fighting
  5091 | D:5      | Reached XP level 8. HP: 52/62 MP: 11/11
  5389 | D:5      | Found a staircase to the Ecumenical Temple.
  5611 | D:6      | Found Ycholytz's Antique Armour Emporium.
  5651 | D:6      | Found Pidulin's Weapon Shoppe.
  5905 | D:6      | Identified An Introduction to Witchcraft
  6020 | D:5      | Reached skill level 5 in Invocations
  6023 | D:5      | Reached skill level 6 in Polearms
  6423 | D:6      | Found Ruphet's General Store.
  6477 | D:6      | Reached skill level 5 in Armour
  6519 | D:6      | Noticed Blork the orc
  6532 | D:6      | Killed Blork the orc
  6583 | D:6      | Reached XP level 9. HP: 64/69 MP: 13/13
  6687 | D:6      | Found Plog's General Store.
  6908 | D:6      | Found a blossoming altar of Fedhas.
  7424 | D:7      | Reached **** piety under Lugonu
  7424 | D:7      | Reached skill level 7 in Polearms
  7469 | D:7      | Found Hoce's General Store.
  7530 | D:7      | Noticed an ice statue
  7958 | D:7      | Found an ancient bone altar of Kikubaaqudgha.
  7958 | D:7      | Found an ornate altar of the Wu Jian Council.
  8019 | D:7      | Found a snail-covered altar of Cheibriados.
  8186 | D:7      | Reached skill level 1 in Shields
  8821 | D:8      | Reached skill level 5 in Slings
  9528 | D:8      | Reached XP level 10. HP: 73/77 MP: 14/14
  9723 | D:9      | Reached skill level 8 in Polearms
  9778 | D:9      | Reached ***** piety under Lugonu
  9901 | D:9      | Found a staircase to the Orcish Mines.
 10085 | D:9      | You fall into a shaft and drop 3 floors!
 10094 | D:12     | Noticed a deep elf mage
 10112 | D:12     | Killed a deep elf mage
 10186 | D:12     | Noticed a manticore
 10192 | D:12     | You fall into a shaft and drop 3 floors!
 10192 | D:15     | Entered Level 15 of the Dungeon
 10194 | D:15     | Noticed a manticore
 10271 | Abyss:1  | Noticed a tentacled starspawn
 10293 | Abyss:2  | Noticed a tentacled starspawn
 10298 | Abyss:2  | Noticed a smoke demon
 10299 | D:15     | Escaped the Abyss
 10300 | D:15     | Banished a titanic slime creature
 10300 | D:15     | Reached skill level 9 in Polearms
 10306 | D:15     | HP: 2/79 [manticore (8)]
 10343 | D:15     | HP: 2/79 [manticore (9)]
 10355 | D:15     | Killed a manticore
 10355 | D:15     | Reached XP level 11. HP: 4/85 MP: 16/16
 10867 | D:15     | Noticed a rakshasa
 10902 | D:15     | Killed a rakshasa
 11085 | D:15     | Noticed a cyclops
 11114 | D:15     | Killed a cyclops
 11114 | D:15     | Reached skill level 10 in Polearms
 11410 | D:14     | Found Intixkio's Gadget Shoppe.
 11935 | D:13     | Noticed a cyclops
 12000 | D:13     | HP: 3/87 [cyclops (9)]
 12002 | D:13     | Killed a cyclops
 12549 | D:13     | Noticed a cyclops
 12588 | D:13     | Killed a cyclops
 13098 | D:13     | Noticed a brown ugly thing
 13103 | D:13     | Banished a brown ugly thing
 13103 | D:13     | Reached XP level 12. HP: 51/94 MP: 18/18
 13655 | D:12     | Noticed Maurice
 13672 | D:12     | Killed Maurice
 13698 | D:11     | Reached skill level 11 in Polearms
 13719 | D:11     | HP: 2/94 [slime creature (13)]
 13741 | D:11     | Noticed a seven-headed hydra
 13744 | D:11     | You fall into a shaft and drop 2 floors!
 14904 | D:12     | Found Kuximmadi's Weapon Shoppe.
 15125 | D:12     | Got a heavily runed scale mail
 15285 | D:11     | Found a staircase to the Lair.
 15292 | D:12     | You fall into a shaft and drop 3 floors!
 15376 | D:15     | Noticed a two-headed ogre
 15403 | D:15     | Killed a two-headed ogre
 15619 | D:15     | Noticed a centaur warrior
 15665 | D:15     | Killed a centaur warrior
 16351 | D:15     | Found a staircase to the Depths.
 16354 | D:15     | Noticed a sea snake
 16354 | D:15     | a slime creature changed into a sea snake
 16355 | D:15     | Noticed a death drake
 16355 | D:15     | a sea snake changed into a death drake
 16357 | D:15     | a death drake changed into a yaktaur
 16364 | D:15     | Noticed an unseen horror
 16364 | D:15     | a yaktaur changed into an unseen horror
 16367 | D:15     | an unseen horror changed into a soldier ant
 16373 | D:15     | Noticed an unseen horror
 16373 | D:15     | a raiju changed into an unseen horror
 16376 | D:15     | an unseen horror changed into a queen bee
 16400 | D:15     | Noticed a six-headed hydra
 16409 | D:15     | Killed a six-headed hydra
 16675 | D:14     | Noticed an ironheart preserver
 16695 | D:14     | Noticed a centaur warrior
 16709 | D:14     | Killed a centaur warrior
 16709 | D:14     | Reached skill level 10 in Invocations
 17521 | D:12     | Noticed a two-headed ogre
 17563 | D:12     | Reached XP level 13. HP: 51/101 MP: 20/20
 17612 | D:12     | Reached skill level 12 in Polearms
 18617 | D:10     | Entered Level 10 of the Dungeon
 18832 | D:10     | Reached skill level 5 in Shields
 19254 | D:9      | Found an opulent altar of Gozag.
 19350 | D:9      | Found a sparkling altar of Nemelex Xobeh.
 19351 | D:9      | Found a bloodstained altar of Trog.
 19370 | D:9      | Found a hazy altar of Hepliaklqana.
 19378 | D:9      | Found a shadowy altar of Dithmenos.
 19818 | D:10     | Identified the +4 scale mail of the Albatross {rPois Int+6
                  | Dex-2} (You found it on level 12 of the Dungeon)
 20194 | D:10     | Reached skill level 10 in Fighting
 20779 | D:11     | Noticed a boulder beetle
 20822 | D:10     | Reached skill level 10 in Armour
 20857 | D:11     | Killed a boulder beetle
 21592 | D:11     | Killed a seven-headed hydra
 21766 | D:11     | Found Fempion's Weapon Shoppe.
 22726 | D:13     | Killed an ironheart preserver
 22913 | D:14     | Noticed a centaur warrior
 22940 | D:13     | Killed a centaur warrior
 23123 | Lair:1   | Entered Level 1 of the Lair of Beasts
 24740 | Lair:2   | Reached XP level 14. HP: 89/111 MP: 22/22
 24920 | Lair:2   | Reached skill level 13 in Polearms
 25032 | Lair:2   | Found a hole to the Spider Nest.
 26584 | Lair:3   | Reached skill level 10 in Slings
 27297 | Lair:3   | Found a runed translucent door.
 27635 | D:3      | Killed tacoguy's ghost
 28339 | Lair:4   | Noticed Urug
 28387 | Lair:4   | Killed Urug
 28680 | Lair:4   | Found a staircase to the Shoals.
 29380 | Lair:4   | Noticed Snorg
 29414 | Lair:4   | Killed Snorg
 29843 | Lair:4   | You fall into a shaft and drop 2 floors!
 29843 | Lair:6   | Entered Level 6 of the Lair of Beasts
 31135 | Lair:6   | Found a runed translucent door.
 31136 | Lair:6   | Noticed an acid blob
 31138 | Lair:6   | Found a viscous altar of Jiyva.
 31142 | Lair:6   | Noticed an acid blob
 31151 | Lair:6   | Found a staircase to the Slime Pits.
 31151 | Lair:6   | Noticed an acid blob
 31603 | Lair:6   | Found a runed translucent gate.
 31603 | Lair:6   | Found a runed translucent gate.
 31603 | Lair:6   | Found a runed translucent gate.
 31610 | Lair:6   | Noticed felt's ghost (journeyman TrMo)
 31610 | Lair:6   | Noticed robertstho's ghost (journeyman GnIE)
 31637 | Lair:6   | Reached XP level 15. HP: 98/119 MP: 22/24
 31812 | Lair:6   | Reached skill level 14 in Polearms
 32178 | Lair:4   | Noticed Rupert
 32219 | Lair:4   | Killed Rupert
 35428 | Lair:5   | HP: 6/120 [death yak (20)]
 35429 | Lair:5   | Mangled by a death yak

Illustrated notes

Levels and vault maps discovered:
D:1:      saegor_arrival_simple_a, layout_loops_ring
D:2:      layout_rooms
D:3:      minmay_razor_zed, layout_rooms, lemuel_crystal_altar,
          gammafunk_ghost_stat_death, grunt_ministairs_15,
          minmay_misc_feat_nine_boxes, uniq_ijyb, uniq_robin
D:4:      layout_loops_ring, elyvilon_altar_3, grunt_ministairs_2, st_stairs_11,
          minmay_misc_feat_secret_circle, kennysheep_generic_room_3,
          uniq_crazy_yiuf_cottage
D:5:      layout_gridville, minmay_temple_entry_crystal_x,
          minmay_misc_feat_doors
D:6:      layout_basic, kennysheep_mini, serial_shops, shop_fountains,
          nicolae_shop_stone, shop, nicolae_shop_crystal, uniq_blork_the_orc
D:7:      lemuel_ice_statue, layout_rooms, slow_altar_1,
          gammafunk_temple_overflow_wave, serial_shops, shop
D:8:      layout_basic
D:9:      layout_irregular_city, riverfiend_overflow_shadow_ancestor,
          nicolae_gozag_seed_capital, gammafunk_temple_overflow_statue,
          erik_orc_4, hangedman_decor_clover_reticule, grunt_ministairs_2,
          chequers_serial_rivers_marsh, the_bakery
D:10:     layout_basic
D:11:     layout_cave_pods, erik_lair_orcish_takeover, serial_shops, shop
D:12:     layout_loops_corners, gauntlet_entry_generic, serial_shops,
          shop_fountains, uniq_maurice
D:13:     layout_stronghold, kennysheep_diamond
D:14:     layout_roguey, skrybe_vaults_entry_preservation, serial_shops, shop,
          chequers_big_river
D:15:     hangedman_depths_entry_try_elsewhere_first, layout_small_grid,
          bh_walls_and_bars, minmay_checkered_concentric_circles
Lair:1:   layout_regular_city, minivault_27, disabler_island
Lair:2:   layout_cave_pods, nicolae_spider_entry_non_spiders
Lair:3:   gammafunk_mikee_crab_dinner, layout_chaotic_city, minivault_24
Lair:4:   layout_misc_corridors, minmay_shoals_entry_centaurs,
          chequers_serial_rivers_room_b, serial_bayou_shore_b,
          infiniplex_staircase_pool_2, serial_bayou_shore_a, grunt_megastairs_2,
          lemuel_fruit_tree, uniq_urug, uniq_rupert, uniq_snorg
Lair:5:   layout_cave_pods, serial_forest, infiniplex_forest_clump_curved,
          infiniplex_forest_clump_diagonal, infiniplex_forest_lined_4_way,
          infiniplex_forest_corner_2, infiniplex_forest_zigzag_1,
          infiniplex_forest_straight_3, infiniplex_forest_clump_diagonal,
          beast_lair_carwin_6
Lair:6:   due_jungle_book, layout_gridlike, slime_altar_2,
          gammafunk_ghost_cemetery, chequers_serial_rivers_room_b,
          grunt_megastairs_1

Skill      XL: |  1  2  3  4  5  6  7  8  9 10 11 12 13 14 15 |
---------------+----------------------------------------------+-----
Dodging        | 1 |  1.0
Polearms       | 3 4 5 6 7 9 10 11 12 13 14 | 14.5
Invocations    | 3 4 5 6 7 9 10 11 12 | 12.4
Armour         | 3 4 5 6 7 8 9 10 11 | 11.6
Fighting       | 4 5 6 7 8 9 10 11 | 11.7
Slings         | 1 2 3 5 6 7 8 9 10 11 | 11.1
Shields        | 2 4 6 8 9 |  9.0

Action                   |  1- 3 |  4- 6 |  7- 9 | 10-12 | 13-15 || total
-------------------------+-------+-------+-------+-------+-------++-------
Melee: Spear             |   122 |   268 |   538 |   808 |       ||  1736
       Staff             |       |       |    17 |    13 |       ||    30
       Halberd           |       |       |       |   133 |  1623 ||  1756
       Bardiche          |       |       |       |       |    44 ||    44
 Fire: Hunting sling     |       |    16 |    41 |       |       ||    57
       Fustibalus        |       |       |    75 |    59 |   278 ||   412
Throw: Stone             |     6 |       |       |       |       ||     6
       Dart              |       |       |     5 |    22 |    51 ||    78
Invok: Depart the Abyss  |     1 |       |       |     1 |       ||     2
       Bend Space        |       |       |     1 |    13 |    42 ||    56
       Banish            |       |       |       |     3 |       ||     3
       Enter the Abyss   |       |       |       |     1 |       ||     1
 Abil: Dig               |       |       |     1 |    15 |    15 ||    31
       Shaft Self        |       |       |       |     3 |       ||     3
Evoke: Wand              |       |       |       |    21 |       ||    21
  Use: Scroll            |     3 |       |     7 |     4 |    13 ||    27
       Potion            |       |       |       |     2 |       ||     2
 Stab: Paralysed         |       |       |       |    37 |       ||    37
Armor: Plate armour      |    89 |   162 |   348 |   140 |       ||   739
       Scale mail        |       |       |       |   139 |   670 ||   809
Dodge: Dodged            |    35 |    47 |   144 |   246 |   799 ||  1271
Block: Buckler           |       |       |    29 |    67 |       ||    96
       Kite shield       |       |       |       |    76 |   825 ||   901

Table legend: (Time is in decaauts)
 A = Elapsed time spent in this place.
 B = Non-inter-level travel time spent in this place.
 C = Inter-level travel time spent in this place.
 D = Time resting spent in this place.
 E = Time spent auto-exploring this place.
 F = Levels seen in this place.
 G = Mean time per level.
                   A        B        C        D        E       F      G
               +--------+--------+--------+--------+--------+-----+--------+
         Total |  34757 |  32997 |   1760 |  12874 |  11498 |  24 | 1448.2 |
       Dungeon |  22982 |  21551 |   1431 |   8039 |   7634 |  15 | 1532.1 |
          Lair |  11616 |  11287 |    329 |   4744 |   3834 |   6 | 1936.0 |
         Abyss |    158 |    158 |      0 |     91 |     30 |   3 |   52.7 |
               +--------+--------+--------+--------+--------+-----+--------+

Top non-repeatable levels by time:
    D:13: 4053 daAuts
  Lair:4: 2698 daAuts
  Lair:6: 2545 daAuts
    D:15: 2528 daAuts
  Lair:5: 1970 daAuts
    D:12: 1953 daAuts
  Lair:2: 1879 daAuts
     D:3: 1744 daAuts
    D:11: 1708 daAuts
     D:4: 1684 daAuts
     D:6: 1554 daAuts
    D:10: 1442 daAuts
  Lair:1: 1309 daAuts
     D:8: 1257 daAuts
     D:5: 1222 daAuts
